 Dungeon Crawl Stone Soup version 0.25.0-41-g26779e291d (webtiles) character file.

Game seed: 4187730924548135552

2317 Ethylacetat the Arsonist (level 9, -3/51 HPs)
             Began as an Octopode Fire Elementalist on July 10, 2020.
             Was a Priest of Sif Muna.
             Slain by a spriggan baker
             ... wielding a +0 dagger
              (7 damage)
             ... on level 7 of the Dungeon.
             The game lasted 00:23:39 (7788 turns).

Ethylacetat the Arsonist (OpFE)                     Turns: 7788, Time: 00:23:40

Health: -3/51      AC:  1    Str:  8    XL:     9   Next: 41%
Magic:  12/25      EV: 13    Int: 20    God:    Sif Muna [***...]
Gold:   193        SH:  0    Dex: 12    Spells: 12/18 levels left

rFire    . . .     SeeInvis .   C - +4 mace
rCold    + . .     Gourm    .   (no shield)
rNeg     . . .     Faith    .   (helmet restricted)
rPois    +         Spirit   .   v - amulet of magic regeneration
rElec    .         Reflect  .   e - ring of poison resistance
rCorr    .         Harm     .   f - ring of stealth
MR       +....                  m - ring of magical power
Stlth    ++++......             x - ring of the Forgotten Mice {+Blink rC+ MR+}
HPRegen  0.17/turn              (no ring)
MPRegen  0.44/turn              (no ring)
                                (no ring)
                                (no ring)

@: no status effects
A: almost no armour, stealthy swim, amphibious, 8 rings, constrict 8, camouflage
1, gelatinous body 1
a: Channel Magic, Forget Spell, Renounce Religion, Evoke Blink


You were on level 7 of the Dungeon.
You worshipped Sif Muna.
Sif Muna was most pleased with you.
You were hungry.

You visited 2 branches of the dungeon, and saw 8 of its levels.

You collected 300 gold pieces.
You spent 107 gold pieces at shops.

Inventory:

Hand Weapons
 C - a +4 mace (weapon)
Jewellery
 e - a ring of poison resistance (left tentacle)
 f - a ring of stealth (right tentacle)
 m - a ring of magical power (on tentacle)
 v - an amulet of magic regeneration (around mantle)
 x - the ring of the Forgotten Mice (on tentacle) {+Blink rC+ MR+}
   (You found it on level 5 of the Dungeon)

   [ring of protection from cold]

   It protects you from cold.
   It affects your resistance to hostile enchantments.
   It lets you blink.
Wands
 E - a wand of acid (9)
 F - a wand of flame (14)
Scrolls
 a - 4 scrolls of teleportation {unknown}
 c - 3 scrolls of magic mapping {unknown}
 d - 10 scrolls of identify {unknown}
 g - a scroll of immolation {unknown}
 h - 3 scrolls of enchant weapon {unknown}
 l - a scroll of fog {unknown}
 n - 2 scrolls of random uselessness {unknown}
 r - 2 scrolls of enchant armour {unknown}
 t - 2 scrolls of remove curse {unknown}
 y - 2 scrolls of noise {unknown}
 z - a scroll of amnesia {unknown}
 B - a scroll of blinking {unknown}
Potions
 i - a potion of flight {unknown}
 j - 3 potions of curing
 k - a potion of berserk rage {unknown}
 o - 4 potions of heal wounds {unknown}
 p - 2 potions of lignification {unknown}
 q - 2 potions of cancellation {unknown}
 s - a potion of stabbing {unknown}
 u - a potion of ambrosia {unknown}
 A - a potion of mutation {unknown}
 D - a potion of degeneration {unknown}
Comestibles
 b - 12 rations
 w - 4 chunks of flesh


   Skills:
 - Level 2.0 Dodging
 - Level 2.6 Stealth
 + Level 5.1 Spellcasting
 * Level 7.4 Conjurations
 * Level 8.0 Fire Magic
 + Level 3.8 Invocations


You had 12 spell levels left.
You knew the following spells:

 Your Spells              Type           Power        Failure   Level  Hunger
a - Foxfire               Conj/Fire      ####         1%          1    None
b - Fireball              Conj/Fire      #####.....   13%         5    #####..

Your spell library contained the following spells:

 Spells                   Type           Power        Failure   Level  Hunger
 Conjure Flame            Conj/Fire      #####...     1%          3    ##.....
 Sticky Flame             Conj/Fire      #####...     4%          4    ####...
 Inner Flame              Hex/Fire       ###.....     7%          3    ##.....
 Apportation              Tloc           #.....       12%         1    None
 Freeze                   Ice            #...         12%         1    None
 Infusion                 Chrm           #...         12%         1    None
 Ensorcelled Hibernation  Hex/Ice        #.....       17%         2    None
 Shroud of Golubria       Chrm/Tloc      #.....       17%         2    None
 Song of Slaying          Chrm           #.......     17%         2    None
 Ozocubu's Armour         Chrm/Ice       #.......     34%         3    ##.....
 Spectral Weapon          Hex/Chrm       #.......     34%         3    ##.....
 Ice Form                 Ice/Tmut       #.......     75%         4    ####...
 Metabolic Englaciation   Hex/Ice        #.........   97%         5    #####..
 Summon Forest            Summ/Tloc      #.........   97%         5    #####..


Dungeon Overview and Level Annotations

Branches:
Dungeon (7/15)             Temple (1/1) D:6

Altars:
Ashenzari
Elyvilon
Hepliaklqana
Kikubaaqudgha
Okawaru
Ru
Sif Muna
Uskayaw
Vehumet
Xom
Zin
The Shining One

Shops:
D:4 (   D:5 ?   D:6 ?*}


Innate Abilities, Weirdness & Mutations

You cannot wear most types of armour.
You are very stealthy in the water. (Stealth+)
You are amphibious.
You can wear up to eight rings at the same time.
You can use your tentacles to constrict eight enemies at once.
Your skin changes colour to match your surroundings (Stealth+).
Your rubbery body absorbs attacks. (AC +1, EV +1)


Message History

The spriggan baker is heavily wounded.
The foxfire hits the spriggan baker!
The spriggan baker is almost dead.
The spriggan baker misses you. The phantom hits you!
* * * LOW HITPOINT WARNING * * *
You barely miss the spriggan baker. Your grab misses the spriggan baker.
The spriggan baker is almost dead.
The spriggan baker barely misses you.
The phantom hits you but does no damage.
The spriggan baker barely misses you. The phantom misses you.
You closely miss the spriggan baker. Your grab misses the spriggan baker.
The spriggan baker is almost dead.
The spriggan baker hits you with a +0 dagger!
* * * LOW HITPOINT WARNING * * *
The phantom blinks!
You closely miss the spriggan baker. You grab the spriggan baker.
The spriggan baker is almost dead.
You constrict the spriggan baker, but do no damage.
The spriggan baker hits you with a +0 dagger!
You die...

. ##. #.. . ####
#.## .#.... #..
..... # #######.#
#..# #..
........####..##...
#..#........
#@i..##..#####.
#..[W.(.)......
.##.##.#######......
#.........# .###.
###..####.# #
#..####.# #....##.#
#....##.#
###....##.####..


You could see a phantom and a spriggan baker.

Vanquished Creatures
  Joseph (D:7)
  Grinder (D:6)
  Sigmund (D:4)
  Menkaure (D:6)
  2 phantoms (D:4)
  A sky beast (D:5)
  2 ogres
  3 bullfrogs (D:6)
  A scorpion (D:4)
  3 howler monkeys
  A crimson imp (D:6)
  3 jellies
  A hound (D:6)
  4 orc priests
  4 orc wizards
  2 iguanas (D:6)
  2 worker ants
  Robin (D:2)
  11 adders
  7 gnolls
  3 worms
  3 leopard geckos
  13 orcs
  6 giant cockroaches
  11 goblins
  11 hobgoblins
  9 jackals
  2 quokkas
  4 ball pythons
  A ball python skeleton (D:6)
  6 bats
  2 frilled lizards
  5 kobolds (D:2)
  8 rats
136 creatures vanquished.

Vanquished Creatures (collateral kills)
  2 goblins (D:2)
  2 rats
4 creatures vanquished.

Vanquished Creatures (others)
  522 foxfires
  5 toadstools (D:1)
527 creatures vanquished.

Grand Total: 667 creatures vanquished

Notes
Turn   | Place    | Note
-------+----------+-------------------------------------------
     0 | D:1      | Ethylacetat the Octopode Fire Elementalist began the quest
                  | for the Orb.
     0 | D:1      | Reached XP level 1. HP: 11/11 MP: 3/3
   150 | D:1      | Reached XP level 2. HP: 14/17 MP: 0/5
   793 | D:2      | Reached XP level 3. HP: 18/21 MP: 0/6
   967 | D:2      | Found a glowing golden altar of the Shining One.
  1183 | D:2      | Found a shimmering blue altar of Sif Muna.
  1194 | D:2      | Became a worshipper of Sif Muna the Loreminder
  1343 | D:2      | Noticed Robin
  1355 | D:2      | Reached XP level 4. HP: 25/27 MP: 1/7
  1375 | D:2      | Killed Robin
  1752 | D:2      | Reached skill level 4 in Fire Magic
  1985 | D:2      | Reached * piety under Sif Muna
  2303 | D:3      | Reached XP level 5. HP: 31/31 MP: 3/9
  2454 | D:3      | Found a white marble altar of Elyvilon.
  3271 | D:4      | Found Efeos's Weapon Boutique.
  3271 | D:4      | Noticed Sigmund
  3280 | D:4      | Killed Sigmund
  3280 | D:4      | Reached skill level 5 in Fire Magic
  3280 | D:4      | Reached XP level 6. HP: 36/36 MP: 2/10
  3516 | D:4      | Noticed a phantom
  3529 | D:4      | Killed a phantom
  3529 | D:4      | Reached XP level 7. HP: 41/41 MP: 0/12
  3618 | D:4      | Found an ancient bone altar of Kikubaaqudgha.
  3720 | D:4      | Found a hide-covered altar of Uskayaw.
  3740 | D:4      | Found a hazy altar of Hepliaklqana.
  3740 | D:4      | Found a shattered altar of Ashenzari.
  4223 | D:4      | Found a shimmering altar of Xom.
  4362 | D:5      | Entered Level 5 of the Dungeon
  4623 | D:5      | Reached skill level 5 in Conjurations
  4627 | D:5      | Reached ** piety under Sif Muna
  4684 | D:4      | Reached skill level 6 in Fire Magic
  5332 | D:5      | Reached skill level 1 in Invocations
  5332 | D:5      | Reached XP level 8. HP: 37/46 MP: 14/14
  5337 | D:5      | Found an iron altar of Okawaru.
  5853 | D:5      | Got a faintly glowing lapis lazuli ring
  5883 | D:5      | Found a radiant altar of Vehumet.
  5887 | D:5      | Found Teovod's Magic Scroll Boutique.
  5895 | D:5      | Identified the ring of the Forgotten Mice {+Blink rC+ MR+}
                  | (You found it on level 5 of the Dungeon)
  5902 | D:5      | Learned a level 5 spell: Fireball
  5921 | D:5      | Found a sacrificial altar of Ru.
  6165 | D:5      | Found a glowing silver altar of Zin.
  6166 | D:5      | Noticed an angel
  6192 | D:6      | Found Ananlophi's Assorted Antiques.
  6198 | D:6      | Found Qesor's Gadget Shoppe.
  6204 | D:6      | Identified Dealiuj's Volume of Snow and the Voyage
  6226 | D:6      | Bought a scroll labeled ELEFRAT GOCEE for 22 gold pieces
  6226 | D:6      | Bought a scroll labeled MENYPS RAOBB for 22 gold pieces
  6226 | D:6      | Bought a scroll labeled KUNEARU VUYD for 22 gold pieces
  6226 | D:6      | Bought a fizzy red potion for 19 gold pieces
  6226 | D:6      | Bought a scroll labeled SULUOF PO LIE for 22 gold pieces
  6484 | D:6      | Noticed Grinder
  6497 | D:6      | Killed Grinder
  6497 | D:6      | Reached skill level 7 in Fire Magic
  6649 | D:6      | Found a staircase to the Ecumenical Temple.
  6912 | D:6      | Found Daettiff's Magic Scroll Shoppe.
  6933 | D:6      | Noticed Menkaure
  6945 | D:6      | Killed Menkaure
  6945 | D:6      | Reached XP level 9. HP: 50/51 MP: 16/16
  7044 | D:6      | Reached *** piety under Sif Muna
  7475 | Temple   | Entered the Ecumenical Temple
  7768 | D:7      | Noticed Joseph
  7774 | D:7      | Killed Joseph
  7774 | D:7      | Reached skill level 5 in Spellcasting
  7774 | D:7      | Reached skill level 8 in Fire Magic
  7788 | D:7      | Slain by a spriggan baker

Illustrated notes

Levels and vault maps discovered:
D:1:      ldierk_walled_garden, layout_basic
D:2:      layout_loops_cross, lemuel_crystal_altar, old_standard_altar,
          uniq_robin
D:3:      minmay_evil_eye, layout_loops_ring, elyvilon_altar_3
D:4:      layout_basic, kennysheep_mini_moat, kennysheep_little_box,
          gammafunk_temple_overflow_forgotten, first_ration, serial_shops, shop,
          uniq_sigmund
D:5:      layout_basic, vehumet_crystals, nicolae_ru_path_of_blood,
          old_standard_altar, zin_angel, serial_shops, shop
D:6:      layout_loops_ring, temple_fountains, serial_shops,
          nicolae_shop_waterfront, shop_coins, shop_scrolls,
          roderic_roman_lattice, minmay_misc_feat_room, uniq_grinder,
          uniq_menkaure
D:7:      layout_loops_cross, the_bakery, uniq_crazy_yiuf_cottage, uniq_joseph
Temple:   corrupted_temple

Skill      XL: |  1  2  3  4  5  6  7  8  9 |
---------------+----------------------------+-----
Conjurations   | 2 3 4 5 6 7 |  7.4
Fire Magic     | 4 5 6 7 8 |  8.0
Spellcasting   | 3 4 5 |  5.1
Invocations    | 1 3 |  3.8
Dodging        | |  2.0
Stealth        | |  2.6

Action                   |  1- 3 |  4- 6 |  7- 9 || total
-------------------------+-------+-------+-------++-------
Melee: Unarmed           |    23 |    22 |    20 ||    65
       Constrict         |     6 |     6 |     8 ||    20
       Tentacles         |       |     3 |     4 ||     7
       Mace              |       |       |    21 ||    21
 Cast: Foxfire           |    59 |   101 |   196 ||   356
       Fireball          |       |       |     3 ||     3
  Use: Potion            |       |       |     1 ||     1
 Stab: Sleeping          |       |       |     2 ||     2
  Eat: Chunk             |     1 |     8 |     6 ||    15
       Ration            |       |       |     2 ||     2
Armor: Skin              |     1 |     6 |     6 ||    13
Dodge: Dodged            |    16 |    40 |    74 ||   130
